[Event "US Masters"]
[Site "Charlotte USA"]
[Date "2023.11.27"]
[Round "9.10"]
[White "Kaufman, Raymond"]
[Black "Belenkaya, Dina"]
[Result "0-1"]
[ECO "B18"]
[WhiteElo "2146"]
[BlackElo "2250"]
[PlyCount "142"]
[GameId "2129404702797189"]
[EventDate "2023.11.24"]
[EventType "swiss"]
[EventRounds "9"]
[EventCountry "USA"]
[SourceTitle "10 Days #742"]
[Source "ChessMix"]
[SourceDate "2023.12.01"]
[SourceVersion "1"]
[SourceVersionDate "2023.12.01"]
[SourceQuality "1"]
[TimeControl "5400+30"]

1. e4 c6 2. d4 d5 3. Nd2 dxe4 4. Nxe4 Bf5 5. Nc5 b6 6. Nb3 e6 7. Bd3 Bxd3 8. Qxd3 Nf6 9. Nf3 Be7 10. O-O O-O 11. Ne5 a5 12. a4 Nd5 13. Qg3 Bf6 14. Nd2 c5 15. dxc5 Bxe5 16. Qxe5 bxc5 17. c3 Nd7 18. Qg3 Qb8 19. Nc4 Qxg3 20. hxg3 N7b6 21. Nxb6 Nxb6 22. Be3 Rfc8 23. b3 Nd5 24. Bd2 c4 25. Rfb1 cxb3 26. Rxb3 Rc4 27. Kf1 h5 28. Ke2 Rd8 29. f3 g6 30. Ra2 Ne7 31. Bg5 Rd7 32. Bf6 Kh7 33. Rb8 Ng8 34. Bd4 f6 35. f4 e5 36. fxe5 fxe5 37. Be3 Nf6 38. Ra8 Ne4 39. Bd2 Nxg3+ 40. Ke1 Rf7 41. Kd1 Rc5 42. Rb2 Ne4 43. Rb5 Nxc3+ 44. Bxc3 Rxc3 45. Rxe5 Ra3 46. Raxa5 Rf2 47. Ke1 Rxg2 48. Kf1 Rg4 49. Ra7+ Kh6 50. a5 Rga4 51. Ra8 Ra2 52. Rd5 Rf4+ 53. Kg1 Rb4 54. Rd1 Rba4 55. Rd5 h4 56. a6 Ra1+ 57. Kh2 R4a2+ 58. Kh3 Rh1+ 59. Kg4 Ra4+ 60. Kf3 Rh3+ 61. Kg2 Rg3+ 62. Kh2 Ra2+ 63. Kh1 Rh3+ 64. Kg1 Rg3+ 65. Kh1 Rh3+ 66. Kg1 Rb3 67. Rd1 Kg5 68. a7 Rg3+ 69. Kh1 Kg4 70. Rd4+ Kg5 71. Rh8 Kf5 0-1